 Dungeon Crawl Stone Soup version 0.30-a0-54-g2e61a25929 (webtiles) character file.

Game seed: 14136444777462275248

54 LnG the Trooper (level 3, -1/33 HPs)
             Began as a Hill Orc Fighter on Sept 7, 2022.
             Slain by a gnoll
             ... wielding a +0 flail
              (5 damage)
             ... on level 1 of the Dungeon.
             The game lasted 00:01:50 (1110 turns).

LnG the Trooper (Hill Orc Fighter)                  Turns: 1110, Time: 00:01:51

Health: -1/33      AC:  8    Str: 20    XL:     3   Next: 91%
Magic:  3/3        EV:  9    Int:  8    God:
Gold:   28         SH:  4    Dex: 10    Spells: 2/2 levels left

rFire   . . .      SeeInvis .    a - +0 war axe
rCold   . . .      Faith    .    c - +0 buckler
rNeg    . . .      Spirit   .    b - +0 scale mail
rPois   .          Reflect  .    g - +0 helmet
rElec   .          Harm     .    (no cloak)
rCorr   .          Rampage  .    (no gloves)
Will    .....                    (no boots)
Stlth   ..........               (no amulet)
HPRegen 0.11/turn                (no ring)
MPRegen 0.08/turn                (no ring)

@: no status effects
A: no striking features
a: no special abilities


You were on level 1 of the Dungeon.
You visited 1 branch of the dungeon, and saw 2 of its levels.

You collected 28 gold pieces.

Inventory:

Hand Weapons
 a - a +0 war axe (weapon)
Armour
 b - a +0 scale mail (worn)
 c - a +0 buckler (worn)
 g - a +0 helmet (worn)
Scrolls
 e - 2 scrolls of teleportation {unknown}
 f - a scroll of poison {unknown}
Potions
 d - a potion of might
 h - 2 potions of heal wounds {unknown}


   Skills:
 + Level 4.0 Fighting
 + Level 4.0 Axes
 + Level 3.9 Armour
 + Level 3.6 Shields


You had 2 spell levels left.
You didn't know any spells.
Your spell library was empty.

Dungeon Overview and Level Annotations

Branches:
Dungeon (2/15)

Altars:

Shops:
D:1 [


Message History

You slash the gnoll!
You kill the gnoll!
You start resting.
HP restored.
You climb downwards.
The gnoll barely misses you.
There is a stone staircase leading up, spattered with blood here.
You barely miss the gnoll. The gnoll hits you with a +0 whip.
The gnoll hits you from afar with a +0 spear.
You hit the gnoll.
The gnoll is moderately wounded.
The gnoll hits you with a +0 whip. The gnoll barely misses you.
You block the gnoll's attack. The gnoll closely misses you.
You barely miss the gnoll.
The gnoll is moderately wounded.
The gnoll hits you from afar with a +0 spear.
You barely miss the gnoll. You hit the gnoll but do no damage.
The gnoll hits you but does no damage. x2; The gnoll barely misses you.
Unknown command.
The gnoll completely misses you.
The gnoll hits you from afar with a +0 spear.
The gnoll barely misses you.
You climb upwards.
There is a stone staircase leading down here.
You slash the gnoll!
The gnoll is almost dead.
You hit the gnoll. The gnoll barely misses you. You block the gnoll's attack.
The gnoll barely misses you. The gnoll hits you with a +0 flail!
You slash the gnoll!
You kill the gnoll!
You hit the gnoll but do no damage. The gnoll closely misses you.
Your Axes skill increases to level 4!
You closely miss the gnoll.
The gnoll is lightly wounded.
The gnoll hits you with a +0 flail!
* * * LOW HITPOINT WARNING * * *
The gnoll barely misses you.
You hit the gnoll.
The gnoll is moderately wounded.
The gnoll hits you with a +0 flail.
You die...

........# #...# #.##.# ........#
#...# #.##.# ..'###### #...#
#.##.# ..'...#####...# ##.##.#
..###........## ###..##.#
.###########.############...###..
##.............##.........#######
##+##...........)....##..........
#≈≈≈#..........g@)...##.#########
+≈≈≈+..........#.....##.# #####
#≈≈≈#.......###....#.##.# #....
##'##.......# #..#.#.##.#####.###
#...........# #..................
#...........# #....##.......#.###
............# #.#..##.......#....
............# #.####.......###.##
.#######.######................#G


You could see a gnoll.

Vanquished Creatures
  2 gnolls (D:1)
  2 ball pythons (D:1)
  2 bats (D:1)
  5 endoplasms (D:1)
  4 goblins
  A hobgoblin (D:1)
  5 jackals (D:1)
  2 quokkas (D:1)
  4 frilled lizards (D:1)
  2 kobolds
  2 rats (D:1)
31 creatures vanquished.

Notes
Turn   | Place    | Note
-------+----------+-------------------------------------------
     0 | D:1      | LnG the Hill Orc Fighter began the quest for the Orb.
     0 | D:1      | Reached XP level 1. HP: 19/19 MP: 1/1
   230 | D:1      | Reached XP level 2. HP: 27/27 MP: 2/2
   290 | D:1      | Found Jeit's Armour Boutique.
   471 | D:1      | Noticed an eye of devastation
   473 | D:1      | Found a faded altar of an unknown god.
   474 | D:1      | Noticed an eye of devastation
   474 | D:1      | Noticed a great orb of eyes
   474 | D:1      | Noticed a floating eye
   648 | D:1      | Reached XP level 3. HP: 29/33 MP: 3/3
  1110 | D:1      | Slain by a gnoll

Illustrated notes

Levels and vault maps discovered:
D:1:      dpeg_arrival_connections, layout_basic, serial_shops, shop_statue,
          hellmonk_ecumenical_altar_watching_god, minmay_strange_pillars,
          minmay_liquid_box, st_stairs_12
D:2:      layout_rooms

Skill      XL: |  1  2  3 |
---------------+----------+-----
Axes           | 3 4 |  4.0
Fighting       | 4 |  4.0
Armour         | |  3.9
Shields        | |  3.6

Action                   || total
-------------------------++-------
Melee: War axe           ||    80
Armor: Scale mail        ||    37
Dodge: Dodged            ||    43
Block: Buckler           ||    21

Table legend: (Time is in decaauts)
 A = Elapsed time spent in this place.
 B = Non-inter-level travel time spent in this place.
 C = Inter-level travel time spent in this place.
 D = Time resting spent in this place.
 E = Time spent auto-exploring this place.
 F = Levels seen in this place.
 G = Mean time per level.
                   A        B        C        D        E       F      G
               +--------+--------+--------+--------+--------+-----+--------+
         Total |   1142 |   1109 |     33 |    264 |    625 |   2 |  571.0 |
       Dungeon |   1142 |   1109 |     33 |    264 |    625 |   2 |  571.0 |
               +--------+--------+--------+--------+--------+-----+--------+

Top non-repeatable levels by time:
     D:1: 1085 daAuts
     D:2: 56 daAuts
